cohdb
Replays
Latest Replays
All Replays
Popular Replays
Top Player Replays
Match Explorer
How It Works
Community
CoH3 Stats
Reddit
Sign in to upload your games and track your stats! →
Sign in with Steam
Match 39834772
Unlisted
Match 39834772
Overview
Messages
Build Orders
End
Construct Infanterie Kompanie
Selects Terror Battlegroup
Grenadier Squad
Grenadier Squad
MG 42 Machine Gun Team
Grenadier Squad
Construct Luftwaffe Kompanie
Selects Machine Gun Camouflage
Flak 30 Anti-aircraft Gun Team
Support Elements
Jäger Squad
Wirbelwind Flakpanzer
GrW 34 Mortar Team
Pioneer Squad
Marder III M Tank Destroyer
Medical Bunker
Grenadier Squad
Marder III M Tank Destroyer
MG 42 Machine Gun Team
Jäger Squad
Selects Defend the Fatherland
Selects King Tiger Heavy Tank
King Tiger Heavy Tank
Pioneer Squad
Selects Interrogate
Selects Propaganda Leaflet Drop
Sarmynation
gabriel099
Horny Zhaba
Koutouzov
0
0
Comments
sign in to comment!
No comments posted yet!